 Dungeon Crawl Stone Soup version 0.20.1-1-g8b1a95d (webtiles) character file.

5959 Ijustatesigmund the Fighter (level 10, -3/76 HPs)
             Began as an Octopode Assassin on Sept 23, 2017.
             Was an Elder of Okawaru.
             Slain by a six-headed hydra (12 damage)
             ... on level 8 of the Dungeon on Sept 25, 2017.
             The game lasted 00:23:01 (9730 turns).

Ijustatesigmund the Fighter (Octopode Assassin)     Turns: 9730, Time: 00:23:02

Health: -3/76      AC:  1    Str: 13    XL:     10   Next: 84%
Magic:  14/16      EV: 19    Int: 14    God:    Okawaru [****..]
Gold:   97         SH:  2    Dex: 16    Spells: 8/9 levels left

rFire    . . .     SeeInvis .   a - +1 whip (elec)
rCold    . . .     Gourm    .   (no shield)
rNeg     . . .     Faith    .   (helmet restricted)
rPois    .         Spirit   .   B - +2 amulet of reflection
rElec    .         Reflect  +   e - +2 ring of strength
rCorr    .         Harm     .   (no ring)
MR       .....                  (no ring)
Stlth    ++++++....             (no ring)
Regen    0.3/turn               (no ring)
MPRegen  0.2/turn               (no ring)
                                (no ring)
                                (no ring)

@: heroism, hasted, very quick
A: almost no armour, stealthy swim, amphibious, 8 rings, constrict 8, camouflage
1, gelatinous body 1
a: Heroism, Renounce Religion


You were on level 8 of the Dungeon.
You worshipped Okawaru.
Okawaru was greatly pleased with you.
You were not hungry.

You visited 1 branch of the dungeon, and saw 9 of its levels.

You collected 481 gold pieces.
You spent 384 gold pieces at shops.

Inventory:

Hand Weapons
 a - a +1 whip of electrocution (weapon)
 b - a +1 blowgun
 o - a +0 dagger of electrocution
 s - a +1 mace of holy wrath
Missiles
 c - 9 poisoned needles
 p - 2 needles of sleeping
Jewellery
 e - a +2 ring of strength (left tentacle)
 B - a +2 amulet of reflection (around mantle)
Wands
 t - a wand of flame (14/48)
 D - a wand of disintegration (6/24)
Scrolls
 d - a scroll of fog
 i - 5 scrolls of identify
 j - a scroll of enchant armour
 k - 2 scrolls of amnesia
 n - 2 scrolls of remove curse
 x - 2 scrolls of teleportation
 y - a scroll of magic mapping
 G - a scroll of enchant weapon
Potions
 h - a potion of flight
 l - a potion of haste
 m - 5 potions of curing
 r - a potion of invisibility
 u - a potion of brilliance
 A - 2 potions of might
 E - 2 potions of heal wounds
 F - a potion of agility
 H - a potion of lignification {unknown}
Books
 v - a book of Conjurations

   Spells                             Type                      Level
   a - Magic Dart                     Conjuration                  1
   b - Searing Ray                    Conjuration                  2
   c - Dazzling Spray                 Conjuration/Hexes            3
   d - Fulminant Prism                Conjuration/Hexes            4
   e - Force Lance                    Conjuration/Translocation    4
   f - Iskenderun's Mystic Blast      Conjuration                  4
Comestibles
 f - 9 bread rations
 g - 5 meat rations
 q - 3 royal jellies


   Skills:
 + Level 10.1(15.1) Fighting
 - Level 2.0(7.0) Short Blades
 + Level 8.4(13.4) Maces & Flails
 - Level 2.0(7.0) Throwing
 + Level 3.5(8.5) Dodging
 - Level 5.3(10.3) Stealth
 - Level 1.7 Conjurations
 + Level 9.0 Invocations


You had 8 spell levels left.
You knew the following spells:

 Your Spells              Type           Power        Failure   Level  Hunger
a - Magic Dart            Conj           #...         14%         1    ##.....


Dungeon Overview and Level Annotations

Branches:
Dungeon (9/15)             Temple (0/1) D:6
   Lair: D:8-11         Orc: D:9-12

Altars:
Cheibriados
Dithmenos
Gozag
Okawaru
Qazlal
Ru
Sif Muna
Trog
Xom
Yredelemnul
The Shining One

Shops:
D:5 *?=(   D:7 :!*=


Innate Abilities, Weirdness & Mutations

You cannot wear most types of armour.
You are very stealthy in the water. (Stealth+)
You are amphibious.
You can wear up to eight rings at the same time.
You can use your tentacles to constrict eight enemies at once.
Your skin changes colour to match your surroundings (Stealth+).
Your rubbery body absorbs attacks. (AC +1, EV +1)


Message History

The six-headed hydra barely misses you. The six-headed hydra bites you!
The six-headed hydra misses you.
You hit the six-headed hydra.
The six-headed hydra is lightly wounded.
You hit the six-headed hydra.
Lightning courses through the six-headed hydra!
The six-headed hydra is moderately wounded.
The six-headed hydra bites you!
The six-headed hydra closely misses you.
The six-headed hydra bites you! The six-headed hydra bites you.
The six-headed hydra bites you but does no damage.
The six-headed hydra closely misses you.
Okay, then.
You feel yourself speed up.
The six-headed hydra completely misses you.
The six-headed hydra misses you. The six-headed hydra bites you!
* * * LOW HITPOINT WARNING * * *
The six-headed hydra closely misses you.
The six-headed hydra bites you!
You die...

.#
#......#†#.#.#.#..####.....##
.#
###....#.#.#.#.#.#..##......<
.#
###)##.#.#.#.#..##.#..#....
.# ###..#.#.#..####.#.....#.
.# .####'.#..#####.##.......
.# ((###..### ##.###.....#.
.# (.#### ##.## #....... (#
#(######.## #..#.#.. .#
#.D@)..## #....... .#
#######.## #....... )# ##.##
#....... .# ##.###....... .#
##.##....... .# ####.......
(# #......# .# #.....## .#
###.....#


You could see a six-headed hydra.

Vanquished Creatures
  2 two-headed ogres (D:8)
  A gargoyle (D:8)
  2 hippogriffs
  2 orc warriors (D:8)
  3 ice beasts
  3 black bears (D:6)
  6 ogres
  2 phantoms
  A centaur (D:6)
  A big kobold (D:7)
  A gnoll sergeant (D:5)
  2 bullfrogs
  4 scorpions
  11 killer bees (D:8)
  4 howler monkeys
  2 electric eels (D:4)
  A crimson imp (D:5)
  12 orc wizards
  Crazy Yiuf (D:7)
  A bullfrog skeleton (D:6)
  5 hounds
  A jelly (D:8)
  7 orc priests
  A centaur skeleton (D:3)
  3 iguanas
  4 worker ants
  2 hound skeletons
  2 hound zombies (D:6)
  A worker ant zombie (D:7)
  7 gnolls
  11 adders
  2 shadow imps
  2 oozes
  2 adder skeletons
  4 worms
  A dart slug (D:3)
  3 leopard geckos
  31 orcs
  3 bats (D:1)
  5 giant cockroaches
  13 goblins
  4 hobgoblins (D:1)
  12 jackals
  6 kobolds
  3 quokkas
  3 ball pythons
  8 frilled lizards
  A jackal skeleton (D:4)
  A quokka zombie (D:6)
  7 rats
  A spectral orc (D:5)
218 creatures vanquished.

Notes
Turn   | Place    | Note
-------+----------+-------------------------------------------
     0 | D:1      | Ijustatesigmund the Octopode Assassin began the quest for the Orb.
     0 | D:1      | Reached XP level 1. HP: 14/14 MP: 1/1
    35 | D:1      | Reached XP level 2. HP: 9/20 MP: 2/2
   261 | D:1      | Reached skill level 3 in Fighting
   356 | D:1      | Reached XP level 3. HP: 20/26 MP: 3/3
   911 | D:2      | Reached skill level 4 in Fighting
  1107 | D:2      | Reached XP level 4. HP: 33/33 MP: 4/4
  1480 | D:3      | Found a deep blue altar of Sif Muna.
  1734 | D:3      | Reached skill level 5 in Fighting
  1734 | D:3      | Reached XP level 5. HP: 39/39 MP: 5/5
  2282 | D:4      | Reached skill level 1 in Maces & Flails
  2282 | D:4      | Reached XP level 6. HP: 35/46 MP: 6/6
  2408 | D:4      | Reached skill level 6 in Fighting
  2661 | D:4      | Found a transporter.
  2684 | D:4      | Found a transporter.
  3082 | D:4      | Noticed a phantom
  3101 | D:4      | Killed a phantom
  3101 | D:4      | Reached XP level 7. HP: 40/53 MP: 7/7
  3211 | D:4      | Found a glowing golden altar of the Shining One.
  3217 | D:4      | Learned a level 1 spell: Magic Dart
  3414 | D:5      | Entered Level 5 of the Dungeon
  3418 | D:5      | Found Wyblueloy's Magic Scroll Emporium.
  3427 | D:5      | Bought a scroll of teleportation for 33 gold pieces
  3427 | D:5      | Bought a scroll of magic mapping for 38 gold pieces
  3427 | D:5      | Bought a scroll of identify for 22 gold pieces
  3427 | D:5      | Bought a scroll of identify for 22 gold pieces
  3466 | D:5      | Reached skill level 1 in Conjurations
  3490 | D:5      | Found Hessawupn's Jewellery Emporium.
  3545 | D:5      | Found a bloodstained altar of Trog.
  3546 | D:5      | Found an iron altar of Okawaru.
  3557 | D:5      | Became a worshipper of Warmaster Okawaru
  3606 | D:5      | Found Telecvudaz's General Store.
  3924 | D:5      | Reached skill level 1 in Invocations
  4315 | D:5      | Reached XP level 8. HP: 58/58 MP: 9/9
  4456 | D:5      | Found Nuus's Weapon Boutique.
  4484 | D:5      | Found a basalt altar of Yredelemnul.
  4777 | D:5      | Reached * piety under Okawaru
  4886 | D:5      | Found a shimmering altar of Xom.
  5024 | D:6      | Found a staircase to the Ecumenical Temple.
  5170 | D:6      | Reached skill level 7 in Fighting
  5799 | D:6      | Reached skill level 5 in Maces & Flails
  5799 | D:6      | Reached skill level 5 in Invocations
  5890 | D:6      | Reached XP level 9. HP: 36/64 MP: 12/12
  6535 | D:6      | Reached ** piety under Okawaru
  6704 | D:6      | Reached skill level 8 in Fighting
  6928 | D:7      | Found Ogush's General Store.
  6936 | D:7      | Bought a scroll of fog for 22 gold pieces
  6966 | D:7      | Found Rulunocu's Jewellery Boutique.
  6971 | D:7      | Bought a +2 amulet of reflection for 97 gold pieces
  7196 | D:7      | Found Joups's Distillery.
  7202 | D:7      | Bought a potion of heal wounds for 50 gold pieces
  7202 | D:7      | Bought a potion of heal wounds for 50 gold pieces
  7202 | D:7      | Bought a potion of heal wounds for 50 gold pieces
  7491 | D:7      | Found a sacrificial altar of Ru.
  7495 | D:7      | Found an opulent altar of Gozag.
  7496 | D:7      | Found a snail-covered altar of Cheibriados.
  7499 | D:7      | Found a shadowy altar of Dithmenos.
  7500 | D:7      | Found a stormy altar of Qazlal.
  7567 | D:7      | Found a runed door.
  7571 | D:7      | Noticed Crazy Yiuf
  7577 | D:7      | Killed Crazy Yiuf
  7708 | D:7      | Found Utenisan's Book Shoppe.
  8052 | D:8      | Reached *** piety under Okawaru
  8337 | D:8      | Reached skill level 9 in Fighting
  8337 | D:8      | Reached XP level 10. HP: 43/74 MP: 15/15
  8529 | D:8      | Noticed a two-headed ogre
  8545 | D:8      | Killed a two-headed ogre
  8545 | D:8      | Reached **** piety under Okawaru
  8955 | D:8      | Noticed a two-headed ogre
  8984 | D:8      | Killed a two-headed ogre
  9336 | D:8      | Reached skill level 10 in Fighting
  9339 | D:8      | Noticed a gargoyle
  9350 | D:8      | Killed a gargoyle
  9719 | D:8      | Noticed a six-headed hydra
  9730 | D:8      | Slain by a six-headed hydra

Skill      XL: |  1  2  3  4  5  6  7  8  9 10 |
---------------+-------------------------------+-----
Fighting       | 3 4 5 6 7 9 10 | 10.1
Maces & Flails | 1 3 4 5 7 8 |  8.4
Conjurations   | 1 |  1.7
Invocations    | 2 5 7 9 |  9.0
Dodging        | 2 3 |  3.5
Short Blades   | |  2.0
Throwing       | |  2.0
Stealth        | |  5.3

Action                   |  1- 3 |  4- 6 |  7- 9 | 10-12 || total
-------------------------+-------+-------+-------+-------++-------
Melee: Dagger            |    68 |    38 |       |       ||   106
       Constrict         |    16 |    13 |    57 |    23 ||   109
       Tentacles         |     9 |     5 |    52 |    26 ||    92
       Whip              |       |    28 |   263 |   104 ||   395
       Punch             |       |       |     3 |     2 ||     5
 Fire: Blowgun           |       |     6 |    26 |    17 ||    49
 Cast: Magic Dart        |       |       |     4 |       ||     4
Invok: Heroism           |       |       |     4 |     3 ||     7
Evoke: Wand              |       |       |     6 |     1 ||     7
  Use: Scroll            |     4 |     5 |     5 |       ||    14
       Potion            |     1 |     4 |     2 |     3 ||    10
 Stab: Sleeping          |     6 |    21 |    16 |     1 ||    44
       Distracted        |     1 |       |     2 |       ||     3
  Eat: Chunk             |       |     6 |    14 |     3 ||    23
       Fruit             |       |       |     4 |       ||     4
       Royal jelly       |       |       |       |     1 ||     1
Armor: Skin              |     2 |     5 |     8 |     1 ||    16
Dodge: Dodged            |    35 |    29 |   175 |    58 ||   297
Block: Other             |       |       |     7 |     6 ||    13
       Reflection        |       |       |     1 |       ||     1
